 Dungeon Crawl Stone Soup version 0.26.1-11-gd32895ea62 (webtiles) character file.

Game seed: 1267257174858020791

8311 Zeld the Cruncher (level 11, -6/64 HPs)
             Began as an Octopode Gladiator on May 20, 2021.
             Was a Believer of Wu Jian.
             Engulfed by a cloud of freezing vapour (20 damage)
             ... on level 4 of the Dungeon.
             The game lasted 00:31:53 (23359 turns).

Zeld the Cruncher (Octopode Gladiator)             Turns: 23359, Time: 00:31:54

Health: -6/64      AC:  2    Str: 13    XL:     11   Next: 28%
Magic:  11/11      EV: 15    Int: 10    God:    Wu Jian [**....]
Gold:   4          SH:  0    Dex: 18    Spells: 10/10 levels left

rFire    . . .     SeeInvis .   k - +3 quarterstaff (chaos)
rCold    . . .     Faith    .   (shield currently unavailable)
rNeg     . . .     Spirit   .   b - +1 hat
rPois    .         Reflect  .   (no amulet)
rElec    .         Harm     .   g - ring of wizardry
rCorr    .         Rampage  .   (no ring)
Will     .....                  (no ring)
Stlth    +++.......             (no ring)
HPRegen  0.20/turn              (no ring)
MPRegen  0.12/turn              (no ring)
                                (no ring)
                                (no ring)

@: no status effects
A: almost no armour, stealthy swim, amphibious, 8 rings, constrict 8, camouflage
1, gelatinous body 1
a: Renounce Religion, Wall Jump


You were on level 4 of the Dungeon.
You worshipped Wu Jian.
Wu Jian was pleased with you.
You visited 2 branches of the dungeon, and saw 11 of its levels.

You collected 644 gold pieces.
You spent 640 gold pieces at shops.

Inventory:

Hand Weapons
 a - a +0 quarterstaff
 k - a +3 quarterstaff of chaos (weapon)
Missiles
 c - 8 throwing nets
 r - 10 boomerangs (quivered)
 u - 5 silver boomerangs
Armour
 b - a +1 hat (worn)
Jewellery
 g - a ring of wizardry (left tentacle)
Wands
 m - a wand of digging (5)
 n - a wand of flame (10)
Scrolls
 d - 2 scrolls of blinking
 e - a scroll of holy word
 h - 2 scrolls of identify
 i - 2 scrolls of amnesia
 j - 5 scrolls of teleportation
 v - 6 scrolls of remove curse
 x - 2 scrolls of magic mapping
Potions
 f - a potion of brilliance
 l - a potion of resistance
 p - 2 potions of magic
 q - a potion of curing
 t - a potion of haste
 w - 2 potions of might


   Skills:
 - Level 2.0 Fighting
 - Level 14.0 Staves
 * Level 9.9 Throwing
 - Level 3.0 Dodging


You had 10 spell levels left.
You didn't know any spells.
Your spell library contained the following spells:

 Spells                   Type           Power        Failure   Level
 Animate Skeleton         Necr           0%           16%         1
 Apportation              Tloc           0%           16%         1
 Beastly Appendage        Tmut           0%           16%         1
 Corona                   Hex            0%           16%         1
 Shock                    Conj/Air       0%           16%         1
 Summon Small Mammal      Summ           0%           16%         1
 Swiftness                Air            0%           22%         2
 Confusing Touch          Hex            0%           41%         3
 Gell's Gravitas          Tloc           0%           41%         3
 Static Discharge         Conj/Air       0%           41%         3
 Airstrike                Air            0%           80%         4
 Ice Form                 Ice/Tmut       0%           80%         4
 Leda's Liquefaction      Hex/Erth       0%           80%         4
 Petrify                  Tmut/Erth      0%           80%         4
 Borgnjor's Vile Clutch   Necr/Erth      0%           98%         5
 Lightning Bolt           Conj/Air       0%           98%         5
 Metabolic Englaciation   Hex/Ice        0%           98%         5
 Yara's Violent Unravell  Hex/Tmut       0%           98%         5
 Hydra Form               Tmut           0%           100%        6


Dungeon Overview and Level Annotations

Branches:
Dungeon (10/15)            Temple (1/1) D:6            Lair (0/6) D:8
    Orc: D:9-12

Altars:
Ashenzari
Cheibriados
Dithmenos
Elyvilon
Fedhas
Gozag
Hepliaklqana
Kikubaaqudgha
Makhleb
Nemelex Xobeh
Okawaru
Qazlal
Ru
Sif Muna
Trog
Uskayaw
Vehumet
Wu Jian
Xom
Yredelemnul
Zin
The Shining One
Lugonu

Shops:
D:5 **?*:   D:6 (?   D:10 ?

Annotations:
D:4 , 1 transporter
D:9 exclusions: killer bee and 2 orcs
D:10 1 transporter


Innate Abilities, Weirdness & Mutations

You cannot wear most types of armour.
You are very stealthy in the water. (Stealth+)
You are amphibious.
You can wear up to eight rings at the same time.
You can use your tentacles to constrict eight enemies at once.
Your skin changes colour to match your surroundings (Stealth+).
Your rubbery body absorbs attacks. (AC +1, EV +1)


Message History

The Council accepts your kill.
Really walk into that cloud of freezing vapour?
Okay, then.
You close the gate.
You start resting.
You start resting.
You start resting.
HP restored.
You start waiting.
You start waiting.
Done waiting.
This gate is marked as excluded!
Open it anyway?
You open the gate.
Really walk into a travel-excluded area?
You are engulfed in freezing vapours.
There is an open gate here.
You are engulfed in freezing vapours.
* * * LOW HITPOINT WARNING * * *
You are engulfed in freezing vapours.
You die...

##...#°○.°○°○# ##....._..
######...##○☼○☼○○°# #.........
###))....####○○#©#○°# #._..8....
#.)##....####☼○...°°# #.........
.#####......#☼☼#.#☼°# ##....._..
.# ##..####○....☼.# #........ ##
##.## ####°○○#### #........ ##
#..# #○°☼○☼○○○°# ######.## .##
##..####☼○○☼@☼○○☼#########.##
..###.....##○°☼...○☼°#.#.#.#.#.#.
.........###°°○$?$○○°#...........
####....## #☼☼○!©$○°°#.#.#.#.#.#<
# #.....# ###########...........
##.##.## ##.©.###..#.#.#.#.#.
#.####.### #.....<............
####.# ##..# ##.......#.#.#.#.#.
.....# ##(## ##....##..........


There were no monsters in sight!

Vanquished Creatures
  2 two-headed ogres (D:9)
  Pikel (D:7)
  A manticore (D:9)
  The ghost of eooof the Distorting Demonspawn, a novice DsAK of Lugonu (D:4)
  A troll (D:9)
  The ghost of 12sPaWn12 the Shield-Bearer, an amateur GrFi (D:4)
  3 yaks (D:10)
  A water moccasin (D:8)
  An orc warrior (D:9)
  4 sky beasts
  6 ice beasts
  A tengu (D:10)
  A phantom (D:9)
  9 ogres
  4 centaurs
  A wolf (D:9)
  3 lemures (D:8)
  5 bullfrogs
  A water moccasin skeleton (D:7)
  4 scorpions
  12 wights
  5 howler monkeys
  A centaur zombie (D:7)
  A bullfrog zombie (D:9)
  A quasit (D:7)
  A gnoll shaman (D:7)
  2 hounds
  11 orc wizards
  7 orc priests
  Crazy Yiuf (D:5)
  3 centaur skeletons
  An iguana (D:7)
  7 worker ants
  A hound zombie (D:7)
  A hound skeleton (D:7)
  4 worker ant zombies
  8 gnolls
  12 adders
  A shadow imp (D:10)
  3 ufetubi
  An ooze (D:2)
  An adder skeleton (D:3)
  2 adder zombies
  5 worms
  3 dart slugs
  3 leopard geckos
  45 orcs
  4 ball pythons
  4 bats
  7 giant cockroaches
  4 goblins
  8 hobgoblins
  A jackal (D:7)
  12 kobolds
  4 quokkas
  4 frilled lizards
  9 rats
251 creatures vanquished.

Vanquished Creatures (collateral kills)
  A troll (D:7)
1 creature vanquished.

Vanquished Creatures (others)
  A wight (D:9)
  A fungus (D:5)
  5 plants (D:8)
  5 withered plants (D:4)
12 creatures vanquished.

Grand Total: 264 creatures vanquished

Notes
Turn   | Place    | Note
-------+----------+-------------------------------------------
     0 | D:1      | Zeld the Octopode Gladiator began the quest for the Orb.
     0 | D:1      | Reached XP level 1. HP: 14/14 MP: 1/1
    86 | D:1      | Reached XP level 2. HP: 11/19 MP: 2/2
   584 | D:1      | Reached skill level 4 in Staves
   768 | D:1      | Reached XP level 3. HP: 22/24 MP: 3/3
  1546 | D:2      | Reached XP level 4. HP: 28/29 MP: 4/4
  1552 | D:2      | Found a sacrificial altar of Ru.
  1868 | D:2      | Found a shimmering altar of Xom.
  1869 | D:2      | Found a shimmering altar of Xom.
  1876 | D:2      | Found a shimmering altar of Xom.
  1877 | D:2      | Found a shimmering altar of Xom.
  1879 | D:2      | Found a shimmering altar of Xom.
  1879 | D:2      | Found a shimmering altar of Xom.
  1880 | D:2      | Found a shimmering altar of Xom.
  1880 | D:2      | Found a shimmering altar of Xom.
  2299 | D:3      | Reached skill level 5 in Staves
  2726 | D:2      | Reached XP level 5. HP: 23/34 MP: 5/5
  3852 | D:3      | Reached skill level 6 in Staves
  4570 | D:3      | Found a faded altar of an unknown god.
  4940 | D:3      | Found a basalt altar of Yredelemnul.
  5141 | D:3      | Reached XP level 6. HP: 39/39 MP: 6/6
  5381 | D:4      | Reached skill level 7 in Staves
  5802 | D:4      | Noticed a moth of wrath
  5806 | D:4      | Found a bloodstained altar of Trog.
  5990 | D:4      | Found a runed translucent gate.
  5990 | D:4      | Found a runed translucent gate.
  5991 | D:4      | Found a runed translucent gate.
  5994 | D:4      | Noticed eooof's ghost (novice DsAK)
  5994 | D:4      | Noticed 12sPaWn12's ghost (amateur GrFi)
  6089 | D:4      | Reached XP level 7. HP: 45/45 MP: 7/7
  6090 | D:4      | Found a transporter.
  6172 | D:4      | Found a hazy altar of Hepliaklqana.
  6174 | D:4      | Found a hide-covered altar of Uskayaw.
  6175 | D:4      | Found a stormy altar of Qazlal.
  6194 | D:4      | Found a transporter.
  6214 | D:4      | Reached skill level 8 in Staves
  6291 | D:4      | Found a shimmering blue altar of Sif Muna.
  6801 | D:5      | Entered Level 5 of the Dungeon
  6832 | D:5      | Found Vugiwk's Book Shoppe.
  6833 | D:5      | Identified the Handbook of Dusty Shape Shifting
  6881 | D:5      | Found Bararher's Assorted Antiques.
  6884 | D:5      | Bought a scroll labelled FERGHI EVVAOXOOLU for 25 gold
                  | pieces
  6884 | D:5      | Bought a scroll labelled ROTTI LINKI for 25 gold pieces
  6884 | D:5      | Bought a scroll labelled MULI VAGIANINA for 25 gold pieces
  6884 | D:5      | Bought a scroll labelled ROTTI LINKI for 25 gold pieces
  7104 | D:5      | Got a transparent quarterstaff
  7189 | D:5      | Found Faytaoj's General Store.
  7197 | D:5      | Bought a wand of flame (11) for 71 gold pieces
  7314 | D:5      | Found Satrut's Magic Scroll Boutique.
  7678 | D:5      | Bought a scroll of remove curse for 39 gold pieces
  7678 | D:5      | Bought a scroll of identify for 26 gold pieces
  7678 | D:5      | Identified the +2 quarterstaff of Indomitability {chaos,
                  | +Fly rC+ Str-5} (You found it on level 5 of the Dungeon)
  8102 | D:5      | Found a runed translucent door.
  8103 | D:5      | Noticed Crazy Yiuf
  8138 | D:5      | Found Jagee's Assorted Antiques.
  8776 | D:5      | Reached skill level 9 in Staves
  8907 | D:5      | Killed Crazy Yiuf
  8938 | D:6      | Found a shadowy altar of Dithmenos.
  9736 | D:6      | Reached XP level 8. HP: 50/50 MP: 8/8
  9922 | D:6      | Found a staircase to the Ecumenical Temple.
  9931 | Temple   | Entered the Ecumenical Temple
 10044 | Temple   | Became a worshipper of the Wu Jian Council
 10454 | D:6      | Found a shimmering altar of Xom.
 10636 | D:6      | Found Uventare's Antique Weapon Shoppe.
 10877 | D:6      | Found Deacei's Magic Scroll Boutique.
 10885 | D:6      | Bought a scroll of identify for 28 gold pieces
 10885 | D:6      | Bought a scroll of teleportation for 42 gold pieces
 11343 | D:7      | Reached skill level 10 in Staves
 11539 | D:7      | Found a broken altar of Ashenzari.
 12030 | D:7      | Reached skill level 11 in Staves
 12039 | D:7      | Found a shadowy altar of Dithmenos.
 12158 | D:7      | Noticed a troll
 12939 | D:7      | Reached XP level 9. HP: 54/54 MP: 9/9
 12952 | D:7      | Killed a troll
 13321 | D:5      | Bought a scroll of fear for 45 gold pieces
 13321 | D:5      | Bought a scroll of identify for 26 gold pieces
 13384 | D:5      | Bought a green potion for 27 gold pieces
 13384 | D:5      | Bought a viscous white potion for 27 gold pieces
 13486 | D:8      | Reached * piety under Wu Jian
 13527 | D:8      | Reached skill level 12 in Staves
 14108 | D:8      | Found a staircase to the Lair.
 14206 | D:8      | Noticed Pikel
 14206 | D:8      | Noticed a two-headed ogre
 14550 | D:7      | Killed Pikel
 14551 | D:7      | Reached skill level 13 in Staves
 14986 | D:8      | Reached XP level 10. HP: 54/60 MP: 10/10
 15711 | D:6      | Bought a scroll of identify for 28 gold pieces
 15711 | D:6      | Bought a scroll of identify for 28 gold pieces
 15826 | D:9      | Noticed a two-headed ogre
 16367 | D:9      | Noticed a manticore
 16373 | D:9      | Killed a manticore
 16374 | D:9      | Reached skill level 14 in Staves
 18027 | D:9      | Noticed a two-headed ogre
 18037 | D:9      | Killed a two-headed ogre
 18038 | D:9      | Reached skill level 5 in Throwing
 19043 | D:6      | Bought a scroll of enchant weapon for 105 gold pieces
 19584 | D:9      | Killed a two-headed ogre
 19585 | D:9      | Reached XP level 11. HP: 64/64 MP: 11/11
 19600 | D:10     | Entered Level 10 of the Dungeon
 19614 | D:10     | Found Cogucs's Magic Scroll Emporium.
 19673 | D:10     | Noticed a green ugly thing
 19674 | D:10     | Found a corrupted altar of Lugonu.
 19675 | D:10     | Noticed a thrashing horror
 19755 | D:10     | Reached ** piety under Wu Jian
 20458 | D:10     | Found a burning altar of Makhleb.
 21315 | D:10     | Found a transporter.
 21317 | D:10     | Noticed a purple ugly thing
 21767 | D:4      | Killed eooof's ghost
 22063 | D:4      | Killed 12sPaWn12's ghost
 22433 | D:10     | Bought a scroll of identify for 24 gold pieces
 22433 | D:10     | Bought a scroll of identify for 24 gold pieces
 23359 | D:4      | Engulfed by a cloud of freezing vapour

Illustrated notes

Levels and vault maps discovered:
D:1:      wheals_arrival_shading, layout_rooms, st_stairs_11,
          minmay_misc_feat_pillars, minmay_box_of_dots
D:2:      layout_basic, xom_redecorated, serial_bayou_pond_c,
          nicolae_ru_awakened_eye
D:3:      layout_basic, lemuel_doored_altar, chequers_ecumenical_altar_island
D:4:      gammafunk_cloud_chamber, layout_layer_cave, tgw_trog,
          grunt_temple_overflow_open, gammafunk_ghost_cemetery,
          roderic_cross_of_infinity, minmay_misc_feat_room, st_stairs_10,
          led_sif_pool
D:5:      layout_basic, serial_shops, shop, kennysheep_mini,
          nicolae_shop_behind_doors, shop, kennysheep_mini_moat,
          uniq_crazy_yiuf_cottage
D:6:      layout_loops_ring, lemuel_temple_firewalk_a, serial_shops,
          nicolae_shop_statue_plus, shop_scrolls, basic_altar,
          nicolae_dithmenos_shadow_blocks
D:7:      minmay_opposing_rooms, layout_basic, lemuel_round_altar,
          ashenzari_altar_1
D:8:      layout_loops_ring, dpeg_oklobed_lair, uniq_pikel
D:9:      layout_stronghold, hangedman_minor_gate_pass
D:10:     gammafunk_corrupted_shrine, layout_basic, serial_shops, shop,
          david_defended_altar_orc
Temple:   eino_temple_water

Skill      XL: |  1  2  3  4  5  6  7  8  9 10 11 |
---------------+----------------------------------+-----
Staves         | 4 5 6 7 9 11 13 14 | 14.0
Throwing       | 8 9 |  9.9
Fighting       | |  2.0
Dodging        | |  3.0

Action                   |  1- 3 |  4- 6 |  7- 9 | 10-12 || total
-------------------------+-------+-------+-------+-------++-------
Melee: Quarterstaff      |    62 |   134 |   253 |   236 ||   685
       Constrict         |    19 |    36 |    53 |    37 ||   145
       Tentacles         |    10 |    34 |    54 |    67 ||   165
Throw: Boomerang         |       |       |     1 |     7 ||     8
Invok: Lunge             |       |       |    19 |    10 ||    29
       Whirlwind         |       |       |       |     4 ||     4
Evoke: Wand              |       |       |       |     4 ||     4
  Use: Scroll            |       |       |    24 |    12 ||    36
       Potion            |       |       |       |     3 ||     3
 Stab: Sleeping          |     2 |     6 |    11 |     2 ||    21
       Distracted        |       |       |     5 |     3 ||     8
       Petrifying        |       |       |     1 |     3 ||     4
       Paralysed         |       |       |     1 |     2 ||     3
       Confused          |       |       |     1 |     1 ||     2
       Petrified         |       |       |     1 |     1 ||     2
Armor: Skin              |     4 |     4 |    15 |     6 ||    29
Dodge: Dodged            |    40 |    93 |   100 |    86 ||   319
